Inferno vs Senators
Created - 16 novembre 2016 at 18:58
Goals
|
Inferno |
3 |
3 |
3 |
9 |
Senators |
1 |
1 |
1 |
3 |
|
Shots
|
Inferno |
14 |
13 |
5 |
32 |
Senators |
6 |
6 |
18 |
30 |
|
1st period
1. Inferno , Mikhail Grabovski 5 (Jonathan Ferland, Stephane Veilleux) at 10:59
2. Senators , Sergei Kostitsyn 7 (Stanislav Chistov, Cody Hodgson) at 11:35 (PP)
3. Inferno , Cal O'Reilly 3 (Kyle Palmieri) at 13:47
4. Inferno , Stephane Veilleux 3 (Mikhail Grabovski) at 19:24
Penalties :
Stanislav Chistov (BIN) for Cross-checking (Minor) at 6:06, Vladimir Zharkov (Anc) for Tripping (Minor) at 11:32
2nd period
5. Inferno , Christian Folin 1 (Sami Vatanen) at 8:51
6. Senators , Cody Hodgson 11 (Sergei Kostitsyn) at 10:25
7. Inferno , Kyle Palmieri 5 (Cal O'Reilly) at 12:42
8. Inferno , Stephane Veilleux 4 (Mikhail Grabovski) at 15:46
Penalties :
Vladimir Zharkov (Anc) for Hooking (Minor) at 0:30, Colby Robak (Anc) for Boarding (Minor) at 6:04, Gabriel Bourque (BIN) for High sticking (Minor) at 19:52
3rd period
9. Inferno , Jonathan Ferland 11 (Stephane Veilleux, David Savard) at 7:02
10. Inferno , Christian Folin 2 (Brendan Mikkelson, Mikhail Grabovski) at 16:39
11. Inferno , Vladimir Sobotka 3 (David Ullstrom, Vladimir Zharkov) at 18:18
12. Senators , Stanislav Chistov 6 (Sergei Kostitsyn) at 19:47
Penalties :
Jaden Schwartz (BIN) for Interference (Minor) at 3:01, Logan Stephenson (BIN) for Hooking (Minor) at 7:09, Stephane Veilleux (Anc) for Hooking (Minor) at 13:04
Goalie Stats
Josh Harding (Anc), 27 saves from 30 shots - (0,900), W, 4-3-2, 60:00 minutes
Alexander Salak (BIN), 6 saves from 10 shots - (0,600), 27:18 minutes
Jeff Frazee (BIN), 17 saves from 22 shots - (0,773), L, 2-7-0, 32:42 minutes
Players Stats for Inferno
Player Name G A P +/- PIM S H SB GA TA FO MP PP MP PK MP
------------------------------------------------------------------------------------
Anders Lee 0 0 0 2 0 0 1 0 0 0 0/0 10:46 3:32 0:35
Brendan Mikkelson 0 1 1 4 0 3 0 0 1 1 0/0 24:59 0:34 3:23
Cal O'Reilly 1 1 2 2 0 1 1 0 0 0 2/3 9:39 0:09 0:00
Christian Folin 2 0 2 2 0 6 1 0 0 0 0/0 6:50 0:00 0:00
Colby Robak 0 0 0 3 2 2 0 0 1 2 0/0 25:35 4:26 1:43
David Savard 0 1 1 3 0 2 1 1 0 0 0/0 14:57 2:56 0:54
David Ullstrom 0 1 1 1 0 0 1 0 1 0 1/1 17:41 3:32 1:14
Derek Peltier 0 0 0 1 0 0 0 0 0 2 0/0 22:26 2:56 2:37
Evgeny Kuznetsov 0 0 0 2 0 0 0 0 0 0 0/0 6:50 0:00 0:00
Jonathan Ferland 1 1 2 2 0 3 0 1 0 0 1/2 24:24 4:15 3:20
Kyle Palmieri 1 1 2 2 0 2 1 0 0 0 0/0 9:39 0:09 0:00
Matt Kassian 0 0 0 2 0 0 1 1 0 0 0/0 10:05 0:09 0:26
Mikhail Grabovski 1 3 4 2 0 5 4 1 2 0 21/37 22:30 4:15 1:33
Sami Vatanen 0 1 1 0 0 2 0 2 0 2 0/0 18:50 5:00 0:00
Simon Danis-Pepin 0 0 0 3 0 0 0 3 0 0 0/0 13:25 0:00 3:23
Stephane Veilleux 2 2 4 2 2 3 2 1 1 0 1/3 22:48 4:15 1:35
Vladimir Sobotka 1 0 1 1 0 3 2 0 0 0 11/17 16:17 0:00 3:17
Vladimir Zharkov 0 1 1 1 4 0 3 0 1 0 0/1 16:15 3:32 0:00
Players Stats for Senators
Player Name G A P +/- PIM S H SB GA TA FO MP PP MP PK MP
------------------------------------------------------------------------------------
Andy Hilbert 0 0 0 -1 0 0 1 0 0 0 0/1 12:20 2:43 4:27
Cody Hodgson 1 1 2 -3 0 7 3 0 0 0 10/34 21:50 3:12 2:32
Gabriel Bourque 0 0 0 -1 2 3 0 1 1 0 1/2 15:17 0:12 0:57
Jack Skille 0 0 0 -1 0 2 0 0 0 1 0/0 16:24 2:43 0:00
Jaden Schwartz 0 0 0 -2 2 1 0 0 0 1 0/1 10:54 0:07 0:00
Jeff Petry 0 0 0 -3 0 2 1 1 0 1 0/0 20:42 2:15 2:47
Josh Hennessy 0 0 0 -1 0 3 0 0 0 0 1/1 7:52 2:43 0:00
Logan Stephenson 0 0 0 -4 2 1 1 2 1 0 0/0 26:53 3:45 3:47
Marc-André Bernier 0 0 0 -1 0 1 0 0 0 0 0/0 5:29 0:00 0:00
Mark Olver 0 0 0 -1 0 1 2 0 1 0 7/11 15:32 0:00 1:29
Martin Marincin 0 0 0 0 0 0 0 0 0 1 0/0 10:43 0:00 0:00
Matt Frattin 0 0 0 -2 0 0 2 0 0 1 0/0 10:41 0:00 0:00
Nick Bjugstad 0 0 0 -2 0 2 0 0 2 0 3/5 11:04 0:00 0:17
Nicolas Deslauriers 0 0 0 0 0 0 0 0 0 0 0/0 12:52 0:00 1:22
Patrick Wey 0 0 0 -3 0 1 0 1 0 1 0/0 20:42 2:15 2:47
Sergei Kostitsyn 1 2 3 -3 0 2 1 0 2 0 4/7 23:13 3:10 4:27
Shane Sims 0 0 0 -4 0 2 1 0 0 0 0/0 28:35 3:45 5:09
Stanislav Chistov 1 1 2 -3 2 2 2 0 0 1 1/2 20:57 3:10 1:43
3 Stars
1 - Mikhail Grabovski (Anc)
2 - Stephane Veilleux (Anc)
3 - Christian Folin (Anc)
Power Play
Inferno - 0 on 4 Attempt(s) - 0,00%
Senators - 1 on 4 Attempt(s) - 25,00%
Penalty Kill
Inferno - 3 on 4 Attempt(s) - 75,00%
- Score 0 goal in Penalty Kill
Senators - 4 on 4 Attempt(s) - 100,00%
- Score 0 goal in Penalty Kill
Team Stat
Inferno - Hits : 18 - Faceoff Wins : 37 - Blocked Shots : 10 - Penalty Minutes : 8
Senators - Hits : 14 - Faceoff Wins : 27 - Blocked Shots : 5 - Penalty Minutes : 8
Official
Referees : Kozari Steve and L'Ecuyer Frederick
Linesman : Pierre Racicot and Lonnie Cameron
Game Notes
Alexander Salak enters game at 12:42 of 2nd period
Finance
Level 1 -- Attendance: 1553 (77,65%) -- Ticket Income 43 484 $
Level 2 -- Attendance: 704 (70,40%) -- Ticket Income 7 040 $
Total Attendance: 2257 (75,23%)
Total Ticket Income: 50 524 $
Other Income: 2 526 $
Total Income: 53 050 $
Inferno
5 vs 5 Forward
Center Left Wing Right Wing Time % Phy DF OF
1 Mikhail Grabovski Stephane Veilleux Jonathan Ferland 40 1 2 2
2 Vladimir Sobotka David Ullstrom Vladimir Zharkov 30 1 2 2
3 Cal O'Reilly Matt Kassian Kyle Palmieri 20 1 2 2
4 Anders Lee Evgeny Kuznetsov Christian Folin 10 1 2 2
5 vs 5 Defense
Defense Defense Time % Phy DF OF
1 Brendan Mikkelson Colby Robak 40 1 2 2
2 Sami Vatanen Derek Peltier 30 1 2 2
3 David Savard Simon Danis-Pepin 20 1 2 2
4 Brendan Mikkelson Derek Peltier 10 1 2 2
PowerPlay Forward
Center Left Wing Right Wing Time % Phy DF OF
1 Mikhail Grabovski Stephane Veilleux Jonathan Ferland 60 1 1 3
2 Anders Lee David Ullstrom Vladimir Zharkov 40 1 1 3
PowerPlay Defense
Defense Defense Time % Phy DF OF
1 Sami Vatanen Colby Robak 60 1 1 3
2 David Savard Derek Peltier 40 1 1 3
Penalty Kill 4 Players Forward
Center Wing Time % Phy DF OF
1 Vladimir Sobotka Jonathan Ferland 60 1 3 1
2 Mikhail Grabovski Stephane Veilleux 40 1 3 1
Penalty Kill 4 Players Defense
Defense Defense Time % Phy DF OF
1 Simon Danis-Pepin Brendan Mikkelson 60 1 3 1
2 Derek Peltier Colby Robak 40 1 3 1
Penalty Kill - 3 Players Forward
Forward Time % Phy DF OF
1 Mikhail Grabovski 60 1 3 0
2 Vladimir Sobotka 40 1 4 0
Penalty Kill - 3 Players Defense
Defense Defense Time % Phy DF OF
1 Simon Danis-Pepin Brendan Mikkelson 60 1 4 0
2 Derek Peltier Colby Robak 40 1 4 0
4 vs 4 Forward
Center Wing Time % Phy DF OF
1 Mikhail Grabovski Stephane Veilleux 60 1 2 2
2 Vladimir Sobotka Vladimir Zharkov 40 1 2 2
4 vs 4 Defense
Defense Defense Time % Phy DF OF
1 Derek Peltier Brendan Mikkelson 60 1 2 2
2 Sami Vatanen Colby Robak 40 1 2 2
Last Minutes Offensive
Center Left Wing Right Wing Defense Defense
Mikhail Grabovski Stephane Veilleux Jonathan Ferland Sami Vatanen Colby Robak
Last Minutes Defensive
Center Left Wing Right Wing Defense Defense
Vladimir Sobotka Stephane Veilleux Jonathan Ferland Derek Peltier Brendan Mikkelson
Goaltenders
Starting : Josh Harding
Backup : Michael Hutchinson
Extra Forwards
Normal : Vladimir Sobotka, David Ullstrom, Vladimir Zharkov - PP : Vladimir Zharkov, Anders Lee - PK : David Ullstrom
Extra Defensemen
Normal : Sami Vatanen, Colby Robak, David Savard - PP : David Savard - PK : Colby Robak, David Savard
Penalty Shots
Mikhail Grabovski, Vladimir Zharkov, Anders Lee, Evgeny Kuznetsov, Vladimir Sobotka
Senators
5 vs 5 Forward
Center Left Wing Right Wing Time % Phy DF OF
1 Cody Hodgson Sergei Kostitsyn Stanislav Chistov 40 1 2 2
2 Mark Olver Gabriel Bourque Jack Skille 30 1 2 2
3 Nick Bjugstad Jaden Schwartz Matt Frattin 20 1 2 2
4 Josh Hennessy Andy Hilbert Marc-André Bernier 10 1 2 2
5 vs 5 Defense
Defense Defense Time % Phy DF OF
1 Logan Stephenson Shane Sims 40 1 2 2
2 Jeff Petry Patrick Wey 30 1 2 2
3 Martin Marincin Nicolas Deslauriers 20 1 2 2
4 Logan Stephenson Shane Sims 10 1 2 2
PowerPlay Forward
Center Left Wing Right Wing Time % Phy DF OF
1 Cody Hodgson Sergei Kostitsyn Stanislav Chistov 60 1 2 2
2 Josh Hennessy Andy Hilbert Jack Skille 40 1 2 2
PowerPlay Defense
Defense Defense Time % Phy DF OF
1 Logan Stephenson Shane Sims 60 1 2 2
2 Jeff Petry Patrick Wey 40 1 2 2
Penalty Kill 4 Players Forward
Center Wing Time % Phy DF OF
1 Sergei Kostitsyn Andy Hilbert 60 1 2 2
2 Cody Hodgson Stanislav Chistov 40 1 2 2
Penalty Kill 4 Players Defense
Defense Defense Time % Phy DF OF
1 Logan Stephenson Shane Sims 60 1 2 2
2 Jeff Petry Patrick Wey 40 1 2 2
Penalty Kill - 3 Players Forward
Forward Time % Phy DF OF
1 Sergei Kostitsyn 60 1 2 2
2 Andy Hilbert 40 1 2 2
Penalty Kill - 3 Players Defense
Defense Defense Time % Phy DF OF
1 Logan Stephenson Shane Sims 60 1 2 2
2 Jeff Petry Patrick Wey 40 1 2 2
4 vs 4 Forward
Center Wing Time % Phy DF OF
1 Sergei Kostitsyn Andy Hilbert 60 1 2 2
2 Cody Hodgson Stanislav Chistov 40 1 2 2
4 vs 4 Defense
Defense Defense Time % Phy DF OF
1 Logan Stephenson Shane Sims 60 1 2 2
2 Jeff Petry Patrick Wey 40 1 2 2
Last Minutes Offensive
Center Left Wing Right Wing Defense Defense
Cody Hodgson Sergei Kostitsyn Stanislav Chistov Logan Stephenson Shane Sims
Last Minutes Defensive
Center Left Wing Right Wing Defense Defense
Cody Hodgson Sergei Kostitsyn Stanislav Chistov Logan Stephenson Shane Sims
Goaltenders
Starting : Jeff Frazee
Backup : Alexander Salak
Extra Forwards
Normal : Gabriel Bourque, Jaden Schwartz, Mark Olver - PP : Gabriel Bourque, Jaden Schwartz - PK : Mark Olver
Extra Defensemen
Normal : Martin Marincin, Nicolas Deslauriers, Jeff Petry - PP : Martin Marincin - PK : Nicolas Deslauriers, Jeff Petry
Penalty Shots
Sergei Kostitsyn, Andy Hilbert, Cody Hodgson, Stanislav Chistov, Josh Hennessy
% Time on Ice - Inferno
Lines # - Real PCT - Wanted PCT - Time Play
Normal Forward
1 - 38% - 40% - 17:18
2 - 28% - 30% - 12:42
3 - 20% - 20% - 9:14
4 - 15% - 10% - 6:50
Normal Defense
1 - 42% - 40% - 19:27
2 - 30% - 30% - 13:39
3 - 21% - 20% - 9:49
4 - 7% - 10% - 3:09
PP Forward
1 - 55% - 60% - 4:24
2 - 45% - 40% - 3:32
PP Defense
1 - 63% - 60% - 5:00
2 - 37% - 40% - 2:56
PK Forward
1 - 74% - 60% - 4:27
2 - 26% - 40% - 1:33
PK Defense
1 - 56% - 60% - 3:23
2 - 44% - 40% - 2:37
PK3 Forward
1 - 0% - 60%
2 - 0% - 40%
PK3 Defense
1 - 0% - 60%
2 - 0% - 40%
44 Forward
1 - 0% - 60%
2 - 0% - 40%
44 Defense
1 - 0% - 60%
2 - 0% - 40%
Last Minute Offensive - 0:00
Last Minute Defensive - 0:00
Total
Forward - 60:00
Defense - 60:00
|
% Time on Ice - Senators
Lines # - Real PCT - Wanted PCT - Time Play
Normal Forward
1 - 34% - 40% - 15:43
2 - 32% - 30% - 14:33
3 - 23% - 20% - 10:41
4 - 11% - 10% - 5:07
Normal Defense
1 - 40% - 40% - 18:17
2 - 34% - 30% - 15:40
3 - 23% - 20% - 10:43
4 - 3% - 10% - 1:24
PP Forward
1 - 55% - 60% - 3:17
2 - 45% - 40% - 2:43
PP Defense
1 - 63% - 60% - 3:45
2 - 38% - 40% - 2:15
PK Forward
1 - 68% - 60% - 5:24
2 - 32% - 40% - 2:32
PK Defense
1 - 65% - 60% - 5:09
2 - 35% - 40% - 2:47
PK3 Forward
1 - 0% - 60%
2 - 0% - 40%
PK3 Defense
1 - 0% - 60%
2 - 0% - 40%
44 Forward
1 - 0% - 60%
2 - 0% - 40%
44 Defense
1 - 0% - 60%
2 - 0% - 40%
Last Minute Offensive - 0:00
Last Minute Defensive - 0:00
Total
Forward - 60:00
Defense - 60:00
|
Play by Play
1st period
0:01 of 1st period - Mikhail Grabovski wins face-off versus Cody Hodgson in neutral zone.
1:02 of 1st period - Vladimir Sobotka is hit by Mark Olver.
1:18 of 1st period - Wrist shot by Andy Hilbert.
1:18 of 1st period - Shot Misses the Net.
1:34 of 1st period - Cody Hodgson is hit by Christian Folin and loses puck.
1:41 of 1st period - Derek Peltier is hit by Cody Hodgson and loses puck.
2:04 of 1st period - Snap shot by Nick Bjugstad.
2:04 of 1st period - Stopped by Josh Harding with a rebound.
2:10 of 1st period - Slapshot by Sami Vatanen.
2:10 of 1st period - Shot Blocked by Gabriel Bourque.
3:06 of 1st period - Colby Robak is hit by Logan Stephenson and loses puck.
3:25 of 1st period - Jaden Schwartz is hit by David Ullstrom and loses puck.
3:47 of 1st period - Wrist shot by Mark Olver.
3:47 of 1st period - Shot Misses the Net.
3:59 of 1st period - Jeff Petry is hit by Mikhail Grabovski and loses puck.
4:26 of 1st period - Wrist shot by Jaden Schwartz.
4:26 of 1st period - Shot Misses the Net.
4:28 of 1st period - Slapshot by Logan Stephenson.
4:28 of 1st period - Shot Blocked by Mikhail Grabovski.
4:45 of 1st period - Icing by Sergei Kostitsyn.
4:46 of 1st period - David Ullstrom wins face-off versus Cody Hodgson in Senators zone.
5:11 of 1st period - Logan Stephenson is hit by Kyle Palmieri and loses puck.
5:38 of 1st period - Wrist shot by Christian Folin.
5:38 of 1st period - Stopped by Jeff Frazee with a rebound.
5:40 of 1st period - Slapshot by Brendan Mikkelson.
5:40 of 1st period - Shot Blocked by Logan Stephenson.
5:42 of 1st period - Snap shot by Christian Folin.
5:42 of 1st period - Stopped by Jeff Frazee without a rebound.
5:43 of 1st period - Vladimir Sobotka wins face-off versus Cody Hodgson in Senators zone.
6:06 of 1st period - Minor Penalty to Stanislav Chistov for Cross-checking.
6:07 of 1st period - Sergei Kostitsyn wins face-off versus Mikhail Grabovski in Senators zone.
6:18 of 1st period - Andy Hilbert is hit by Mikhail Grabovski.
6:43 of 1st period - Off-side.
6:44 of 1st period - Mikhail Grabovski wins face-off versus Cody Hodgson in neutral zone.
7:09 of 1st period - David Ullstrom is hit by Sergei Kostitsyn and loses puck.
8:06 of 1st period - Penalty to Stanislav Chistov is over, Stanislav Chistov is back on ice.
8:21 of 1st period - Wrist shot by Nick Bjugstad.
8:21 of 1st period - Shot Blocked by Matt Kassian.
8:23 of 1st period - Slapshot by Jaden Schwartz.
8:23 of 1st period - Shot Blocked by Sami Vatanen.
9:19 of 1st period - Slapshot by Shane Sims.
9:19 of 1st period - Deflect By David Savard.
9:19 of 1st period - Stopped by Josh Harding with a rebound.
9:59 of 1st period - Simon Danis-Pepin is hit by Andy Hilbert and loses puck.
10:17 of 1st period - Slapshot by David Savard.
10:17 of 1st period - Stopped by Jeff Frazee without a rebound.
10:18 of 1st period - Nick Bjugstad wins face-off versus Vladimir Sobotka in Senators zone.
10:37 of 1st period - Martin Marincin is hit by Vladimir Sobotka and loses puck.
10:48 of 1st period - Snap shot by Vladimir Zharkov.
10:48 of 1st period - Shot Misses the Net.
10:50 of 1st period - Snap shot by Vladimir Zharkov.
10:50 of 1st period - Shot Misses the Net.
10:52 of 1st period - Snap shot by Colby Robak.
10:52 of 1st period - Stopped by Jeff Frazee without a rebound.
10:53 of 1st period - Mikhail Grabovski wins face-off versus Cody Hodgson in Senators zone.
10:59 of 1st period - Slapshot by Mikhail Grabovski.
10:59 of 1st period - Goal by Mikhail Grabovski - Inferno : 1 - Senators : 0.
11:00 of 1st period - Mikhail Grabovski wins face-off versus Sergei Kostitsyn in neutral zone.
11:32 of 1st period - Minor Penalty to Vladimir Zharkov for Tripping.
11:33 of 1st period - Cody Hodgson wins face-off versus Vladimir Sobotka in Inferno zone.
11:35 of 1st period - Snap shot by Sergei Kostitsyn.
11:35 of 1st period - Goal by Sergei Kostitsyn - Inferno : 1 - Senators : 1.
11:36 of 1st period - Mikhail Grabovski wins face-off versus Cody Hodgson in neutral zone.
11:39 of 1st period - Logan Stephenson is hit by Mikhail Grabovski.
12:40 of 1st period - Snap shot by David Ullstrom.
12:40 of 1st period - Shot Misses the Net.
13:37 of 1st period - Slapshot by Josh Hennessy.
13:37 of 1st period - Shot Misses the Net.
13:39 of 1st period - Wrist shot by Josh Hennessy.
13:39 of 1st period - Shot Hit the Post.
13:41 of 1st period - Slapshot by Patrick Wey.
13:41 of 1st period - Deflect By Andy Hilbert.
13:41 of 1st period - Shot Misses the Net.
13:41 of 1st period - Puck is out of play.
13:42 of 1st period - Cal O'Reilly wins face-off versus Cody Hodgson in Inferno zone.
13:47 of 1st period - Wrist shot by Cal O'Reilly.
13:47 of 1st period - Goal by Cal O'Reilly - Inferno : 2 - Senators : 1.
13:48 of 1st period - Mikhail Grabovski wins face-off versus Cody Hodgson in neutral zone.
14:09 of 1st period - Icing by Brendan Mikkelson.
14:10 of 1st period - Mark Olver wins face-off versus Mikhail Grabovski in Inferno zone.
14:13 of 1st period - Snap shot by Gabriel Bourque.
14:13 of 1st period - Shot Misses the Net.
14:27 of 1st period - Slapshot by Mikhail Grabovski.
14:27 of 1st period - Stopped by Jeff Frazee without a rebound.
14:28 of 1st period - Vladimir Sobotka wins face-off versus Cody Hodgson in Senators zone.
14:56 of 1st period - Wrist shot by Sami Vatanen.
14:56 of 1st period - Stopped by Jeff Frazee with a rebound.
15:22 of 1st period - Snap shot by Mikhail Grabovski.
15:22 of 1st period - Stopped by Jeff Frazee with a rebound.
16:02 of 1st period - David Ullstrom is hit by Shane Sims and loses puck.
17:01 of 1st period - Jaden Schwartz is hit by Vladimir Zharkov and loses puck.
17:08 of 1st period - Snap shot by Vladimir Sobotka.
17:08 of 1st period - Stopped by Jeff Frazee with a rebound.
17:34 of 1st period - Slapshot by Cody Hodgson.
17:34 of 1st period - Stopped by Josh Harding with a rebound.
17:48 of 1st period - Snap shot by Gabriel Bourque.
17:48 of 1st period - Stopped by Josh Harding with a rebound.
18:14 of 1st period - Snap shot by Josh Hennessy.
18:14 of 1st period - Stopped by Josh Harding with a rebound.
18:16 of 1st period - Slapshot by Logan Stephenson.
18:16 of 1st period - Shot Misses the Net.
18:18 of 1st period - Snap shot by Andy Hilbert.
18:18 of 1st period - Shot Misses the Net.
18:50 of 1st period - Wrist shot by Christian Folin.
18:50 of 1st period - Shot Misses the Net.
18:52 of 1st period - Wrist shot by Anders Lee.
18:52 of 1st period - Shot Misses the Net.
18:54 of 1st period - Slapshot by Christian Folin.
18:54 of 1st period - Stopped by Jeff Frazee with a rebound.
18:56 of 1st period - Slapshot by Sami Vatanen.
18:56 of 1st period - Deflect By Jaden Schwartz.
18:56 of 1st period - Stopped by Jeff Frazee without a rebound.
18:57 of 1st period - Cody Hodgson wins face-off versus Jonathan Ferland in Senators zone.
19:04 of 1st period - Slapshot by Jonathan Ferland.
19:04 of 1st period - Shot Hit the Post.
19:06 of 1st period - Wrist shot by Mikhail Grabovski.
19:06 of 1st period - Deflect By Stanislav Chistov.
19:06 of 1st period - Shot Misses the Net.
19:06 of 1st period - Puck is out of play.
19:07 of 1st period - Cody Hodgson wins face-off versus Mikhail Grabovski in Senators zone.
19:20 of 1st period - Snap shot by Jonathan Ferland.
19:20 of 1st period - Stopped by Jeff Frazee without a rebound.
19:21 of 1st period - Mikhail Grabovski wins face-off versus Cody Hodgson in Senators zone.
19:24 of 1st period - Slapshot by Stephane Veilleux.
19:24 of 1st period - Goal by Stephane Veilleux - Inferno : 3 - Senators : 1.
19:25 of 1st period - Mikhail Grabovski wins face-off versus Cody Hodgson in neutral zone.
19:30 of 1st period - Wrist shot by Jonathan Ferland.
19:30 of 1st period - Shot Blocked by Logan Stephenson.
19:47 of 1st period - Icing by Shane Sims.
19:48 of 1st period - Vladimir Sobotka wins face-off versus Mark Olver in Senators zone.
Goals for this period are 3 for Inferno vs 1 for Senators.
Shots for this period are 14 for Inferno vs 6 for Senators.
2nd period
0:01 of 2nd period - Stanislav Chistov wins face-off versus Mikhail Grabovski in neutral zone.
0:03 of 2nd period - Sergei Kostitsyn is hit by Mikhail Grabovski.
0:30 of 2nd period - Minor Penalty to Vladimir Zharkov for Hooking.
0:31 of 2nd period - Vladimir Sobotka wins face-off versus Cody Hodgson in Inferno zone.
2:30 of 2nd period - Penalty to Vladimir Zharkov is over, Vladimir Zharkov is back on ice.
3:17 of 2nd period - David Ullstrom is hit by Matt Frattin and loses puck.
5:17 of 2nd period - Icing by Vladimir Zharkov.
5:18 of 2nd period - Vladimir Sobotka wins face-off versus Mark Olver in Inferno zone.
5:40 of 2nd period - Wrist shot by David Ullstrom.
5:40 of 2nd period - Shot Blocked by Jeff Petry.
5:42 of 2nd period - Slapshot by Brendan Mikkelson.
5:42 of 2nd period - Stopped by Jeff Frazee without a rebound.
5:43 of 2nd period - Mikhail Grabovski wins face-off versus Cody Hodgson in Senators zone.
6:04 of 2nd period - Minor Penalty to Colby Robak for Boarding.
6:05 of 2nd period - Jonathan Ferland wins face-off versus Cody Hodgson in Inferno zone.
6:10 of 2nd period - Slapshot by Brendan Mikkelson.
6:10 of 2nd period - Stopped by Jeff Frazee with a rebound.
6:12 of 2nd period - Slapshot by Jonathan Ferland.
6:12 of 2nd period - Stopped by Jeff Frazee without a rebound.
6:13 of 2nd period - Vladimir Sobotka wins face-off versus Cody Hodgson in Senators zone.
6:28 of 2nd period - Slapshot by Brendan Mikkelson.
6:28 of 2nd period - Shot Misses the Net.
7:25 of 2nd period - Snap shot by Jack Skille.
7:25 of 2nd period - Stopped by Josh Harding without a rebound.
7:26 of 2nd period - Mikhail Grabovski wins face-off versus Cody Hodgson in Inferno zone.
7:26 of 2nd period - Mikhail Grabovski is hit by Jeff Petry.
8:04 of 2nd period - Penalty to Colby Robak is over, Colby Robak is back on ice.
8:10 of 2nd period - Snap shot by David Ullstrom.
8:10 of 2nd period - Shot Hit the Post.
8:12 of 2nd period - Wrist shot by Colby Robak.
8:12 of 2nd period - Stopped by Jeff Frazee with a rebound.
8:14 of 2nd period - Snap shot by Colby Robak.
8:14 of 2nd period - Shot Misses the Net.
8:16 of 2nd period - Wrist shot by Stephane Veilleux.
8:16 of 2nd period - Stopped by Jeff Frazee without a rebound.
8:17 of 2nd period - Nick Bjugstad wins face-off versus Cal O'Reilly in Senators zone.
8:51 of 2nd period - Snap shot by Christian Folin.
8:51 of 2nd period - Goal by Christian Folin - Inferno : 4 - Senators : 1.
8:52 of 2nd period - Mikhail Grabovski wins face-off versus Cody Hodgson in neutral zone.
9:05 of 2nd period - Wrist shot by Cody Hodgson.
9:05 of 2nd period - Stopped by Josh Harding with a rebound.
9:07 of 2nd period - Wrist shot by Sergei Kostitsyn.
9:07 of 2nd period - Shot Misses the Net.
9:29 of 2nd period - Gabriel Bourque is hit by Vladimir Zharkov and loses puck.
10:10 of 2nd period - Wrist shot by Marc-André Bernier.
10:10 of 2nd period - Stopped by Josh Harding with a rebound.
10:20 of 2nd period - Mikhail Grabovski is hit by Stanislav Chistov and loses puck.
10:25 of 2nd period - Snap shot by Cody Hodgson.
10:25 of 2nd period - Goal by Cody Hodgson - Inferno : 4 - Senators : 2.
10:26 of 2nd period - Sergei Kostitsyn wins face-off versus Mikhail Grabovski in neutral zone.
10:29 of 2nd period - Slapshot by Patrick Wey.
10:29 of 2nd period - Deflect By Jonathan Ferland.
10:29 of 2nd period - Stopped by Josh Harding with a rebound.
10:41 of 2nd period - Wrist shot by Mikhail Grabovski.
10:41 of 2nd period - Shot Misses the Net.
11:15 of 2nd period - Matt Frattin is hit by Matt Kassian and loses puck.
11:36 of 2nd period - Slapshot by Brendan Mikkelson.
11:36 of 2nd period - Stopped by Jeff Frazee without a rebound.
11:37 of 2nd period - Mikhail Grabovski wins face-off versus Cody Hodgson in Senators zone.
11:51 of 2nd period - Off-side.
11:52 of 2nd period - Gabriel Bourque wins face-off versus Vladimir Sobotka in neutral zone.
12:42 of 2nd period - Snap shot by Kyle Palmieri.
12:42 of 2nd period - Goal by Kyle Palmieri - Inferno : 5 - Senators : 2.
12:42 of 2nd period - Alexander Salak enters game.
12:43 of 2nd period - Cody Hodgson wins face-off versus Stephane Veilleux in neutral zone.
12:59 of 2nd period - Wrist shot by Jonathan Ferland.
12:59 of 2nd period - Deflect By Logan Stephenson.
12:59 of 2nd period - Shot Misses the Net.
12:59 of 2nd period - Puck is out of play.
13:00 of 2nd period - Vladimir Sobotka wins face-off versus Mark Olver in Senators zone.
13:11 of 2nd period - Wrist shot by Gabriel Bourque.
13:11 of 2nd period - Shot Misses the Net.
13:27 of 2nd period - Cody Hodgson is hit by Stephane Veilleux and loses puck.
13:52 of 2nd period - Wrist shot by Cal O'Reilly.
13:52 of 2nd period - Shot Misses the Net.
13:54 of 2nd period - Wrist shot by David Savard.
13:54 of 2nd period - Stopped by Alexander Salak without a rebound.
13:55 of 2nd period - Vladimir Sobotka wins face-off versus Mark Olver in Senators zone.
14:43 of 2nd period - Snap shot by Andy Hilbert.
14:43 of 2nd period - Shot Blocked by Stephane Veilleux.
15:14 of 2nd period - Slapshot by Sami Vatanen.
15:14 of 2nd period - Shot Misses the Net.
15:16 of 2nd period - Wrist shot by Vladimir Zharkov.
15:16 of 2nd period - Shot Misses the Net.
15:34 of 2nd period - Wrist shot by Gabriel Bourque.
15:34 of 2nd period - Stopped by Josh Harding without a rebound.
15:35 of 2nd period - Mikhail Grabovski wins face-off versus Cody Hodgson in Inferno zone.
15:35 of 2nd period - Mikhail Grabovski is hit by Cody Hodgson.
15:40 of 2nd period - Off-side.
15:41 of 2nd period - Mikhail Grabovski wins face-off versus Cody Hodgson in neutral zone.
15:46 of 2nd period - Wrist shot by Stephane Veilleux.
15:46 of 2nd period - Goal by Stephane Veilleux - Inferno : 6 - Senators : 2.
15:47 of 2nd period - Mikhail Grabovski wins face-off versus Cody Hodgson in neutral zone.
15:58 of 2nd period - Slapshot by Cody Hodgson.
15:58 of 2nd period - Deflect By Stanislav Chistov.
15:58 of 2nd period - Shot Misses the Net.
15:58 of 2nd period - Puck is out of play.
15:59 of 2nd period - Cody Hodgson wins face-off versus Mikhail Grabovski in Inferno zone.
16:50 of 2nd period - Snap shot by Cal O'Reilly.
16:50 of 2nd period - Shot Blocked by Patrick Wey.
18:31 of 2nd period - Slapshot by Brendan Mikkelson.
18:31 of 2nd period - Shot Misses the Net.
18:33 of 2nd period - Slapshot by Christian Folin.
18:33 of 2nd period - Stopped by Alexander Salak without a rebound.
18:34 of 2nd period - Stephane Veilleux wins face-off versus Gabriel Bourque in Senators zone.
18:41 of 2nd period - Wrist shot by Mikhail Grabovski.
18:41 of 2nd period - Stopped by Alexander Salak with a rebound.
19:03 of 2nd period - Off-side.
19:04 of 2nd period - Vladimir Sobotka wins face-off versus Stanislav Chistov in neutral zone.
19:17 of 2nd period - Slapshot by Vladimir Sobotka.
19:17 of 2nd period - Stopped by Alexander Salak without a rebound.
19:18 of 2nd period - Mikhail Grabovski wins face-off versus Cody Hodgson in Senators zone.
19:36 of 2nd period - Icing by Brendan Mikkelson.
19:37 of 2nd period - Mark Olver wins face-off versus Mikhail Grabovski in Inferno zone.
19:40 of 2nd period - Backhand shot by Mark Olver.
19:40 of 2nd period - Shot Misses the Net.
19:52 of 2nd period - Minor Penalty to Gabriel Bourque for High sticking.
19:53 of 2nd period - Mikhail Grabovski wins face-off versus Sergei Kostitsyn in Senators zone.
Goals for this period are 3 for Inferno vs 1 for Senators.
Shots for this period are 13 for Inferno vs 6 for Senators.
3rd period
0:01 of 3rd period - Mikhail Grabovski wins face-off versus Andy Hilbert in neutral zone.
0:55 of 3rd period - Icing by Jonathan Ferland.
0:56 of 3rd period - Mikhail Grabovski wins face-off versus Sergei Kostitsyn in Inferno zone.
1:52 of 3rd period - Penalty to Gabriel Bourque is over, Gabriel Bourque is back on ice.
2:00 of 3rd period - Wrist shot by Gabriel Bourque.
2:00 of 3rd period - Shot Misses the Net.
2:06 of 3rd period - Mark Olver is hit by Cal O'Reilly.
3:01 of 3rd period - Minor Penalty to Jaden Schwartz for Interference.
3:02 of 3rd period - Sergei Kostitsyn wins face-off versus Mikhail Grabovski in Senators zone.
5:01 of 3rd period - Penalty to Jaden Schwartz is over, Jaden Schwartz is back on ice.
5:12 of 3rd period - Snap shot by Nick Bjugstad.
5:12 of 3rd period - Deflect By Jaden Schwartz.
5:12 of 3rd period - Shot Misses the Net.
5:12 of 3rd period - Puck is out of play.
5:13 of 3rd period - Cal O'Reilly wins face-off versus Jaden Schwartz in Inferno zone.
6:28 of 3rd period - Snap shot by Josh Hennessy.
6:28 of 3rd period - Shot Misses the Net.
6:42 of 3rd period - Wrist shot by Josh Hennessy.
6:42 of 3rd period - Stopped by Josh Harding without a rebound.
6:43 of 3rd period - Nick Bjugstad wins face-off versus Mikhail Grabovski in Inferno zone.
6:44 of 3rd period - Snap shot by Jaden Schwartz.
6:44 of 3rd period - Stopped by Josh Harding with a rebound.
7:02 of 3rd period - Wrist shot by Jonathan Ferland.
7:02 of 3rd period - Goal by Jonathan Ferland - Inferno : 7 - Senators : 2.
7:03 of 3rd period - Mikhail Grabovski wins face-off versus Cody Hodgson in neutral zone.
7:09 of 3rd period - Minor Penalty to Logan Stephenson for Hooking.
7:10 of 3rd period - Sergei Kostitsyn wins face-off versus Mikhail Grabovski in Senators zone.
8:40 of 3rd period - Nicolas Deslauriers is hit by Anders Lee and loses puck.
9:09 of 3rd period - Penalty to Logan Stephenson is over, Logan Stephenson is back on ice.
10:04 of 3rd period - Snap shot by Josh Hennessy.
10:04 of 3rd period - Stopped by Josh Harding with a rebound.
10:06 of 3rd period - Slapshot by Jeff Petry.
10:06 of 3rd period - Shot Misses the Net.
10:08 of 3rd period - Slapshot by Jeff Petry.
10:08 of 3rd period - Stopped by Josh Harding without a rebound.
10:09 of 3rd period - Josh Hennessy wins face-off versus Mikhail Grabovski in Inferno zone.
10:30 of 3rd period - Icing by Patrick Wey.
10:31 of 3rd period - Mark Olver wins face-off versus Vladimir Sobotka in Senators zone.
10:58 of 3rd period - Wrist shot by Kyle Palmieri.
10:58 of 3rd period - Stopped by Alexander Salak with a rebound.
11:16 of 3rd period - Wrist shot by Gabriel Bourque.
11:16 of 3rd period - Shot Blocked by David Savard.
11:18 of 3rd period - Slapshot by Jeff Petry.
11:18 of 3rd period - Shot Blocked by Simon Danis-Pepin.
11:20 of 3rd period - Wrist shot by Jack Skille.
11:20 of 3rd period - Stopped by Josh Harding without a rebound.
11:21 of 3rd period - Cody Hodgson wins face-off versus Mikhail Grabovski in Inferno zone.
11:24 of 3rd period - Wrist shot by Stanislav Chistov.
11:24 of 3rd period - Shot Blocked by Sami Vatanen.
11:26 of 3rd period - Wrist shot by Cody Hodgson.
11:26 of 3rd period - Shot Blocked by Jonathan Ferland.
11:28 of 3rd period - Snap shot by Cody Hodgson.
11:28 of 3rd period - Stopped by Josh Harding with a rebound.
11:30 of 3rd period - Snap shot by Stanislav Chistov.
11:30 of 3rd period - Shot Misses the Net.
11:32 of 3rd period - Snap shot by Cody Hodgson.
11:32 of 3rd period - Stopped by Josh Harding with a rebound.
11:34 of 3rd period - Slapshot by Cody Hodgson.
11:34 of 3rd period - Stopped by Josh Harding with a rebound.
11:36 of 3rd period - Slapshot by Shane Sims.
11:36 of 3rd period - Stopped by Josh Harding without a rebound.
11:37 of 3rd period - Vladimir Sobotka wins face-off versus Nick Bjugstad in Inferno zone.
11:42 of 3rd period - Snap shot by Matt Frattin.
11:42 of 3rd period - Deflect By Vladimir Sobotka.
11:42 of 3rd period - Shot Misses the Net.
11:42 of 3rd period - Puck is out of play.
11:43 of 3rd period - Vladimir Sobotka wins face-off versus Nick Bjugstad in Inferno zone.
12:13 of 3rd period - Nick Bjugstad is hit by Vladimir Zharkov and loses puck.
12:34 of 3rd period - Snap shot by Nick Bjugstad.
12:34 of 3rd period - Stopped by Josh Harding without a rebound.
12:35 of 3rd period - Cody Hodgson wins face-off versus Mikhail Grabovski in Inferno zone.
12:40 of 3rd period - Wrist shot by Cody Hodgson.
12:40 of 3rd period - Stopped by Josh Harding with a rebound.
12:42 of 3rd period - Snap shot by Stanislav Chistov.
12:42 of 3rd period - Stopped by Josh Harding without a rebound.
12:43 of 3rd period - Cody Hodgson wins face-off versus Mikhail Grabovski in Inferno zone.
12:48 of 3rd period - Snap shot by Sergei Kostitsyn.
12:48 of 3rd period - Stopped by Josh Harding with a rebound.
12:54 of 3rd period - Snap shot by Cody Hodgson.
12:54 of 3rd period - Shot Misses the Net.
12:56 of 3rd period - Snap shot by Cody Hodgson.
12:56 of 3rd period - Shot Misses the Net.
12:58 of 3rd period - Wrist shot by Sergei Kostitsyn.
12:58 of 3rd period - Shot Misses the Net.
13:04 of 3rd period - Minor Penalty to Stephane Veilleux for Hooking.
13:05 of 3rd period - Cody Hodgson wins face-off versus Vladimir Sobotka in Inferno zone.
13:12 of 3rd period - Slapshot by Sergei Kostitsyn.
13:12 of 3rd period - Shot Misses the Net.
13:22 of 3rd period - Brendan Mikkelson is hit by Cody Hodgson and loses puck.
15:04 of 3rd period - Penalty to Stephane Veilleux is over, Stephane Veilleux is back on ice.
15:13 of 3rd period - Brendan Mikkelson is hit by Matt Frattin.
15:19 of 3rd period - Patrick Wey is hit by David Savard and loses puck.
15:38 of 3rd period - Christian Folin is hit by Mark Olver and loses puck.
16:03 of 3rd period - Nick Bjugstad is hit by Vladimir Sobotka and loses puck.
16:39 of 3rd period - Slapshot by Christian Folin.
16:39 of 3rd period - Goal by Christian Folin - Inferno : 8 - Senators : 2.
16:40 of 3rd period - Cody Hodgson wins face-off versus Vladimir Zharkov in neutral zone.
17:05 of 3rd period - Snap shot by Cal O'Reilly.
17:05 of 3rd period - Shot Misses the Net.
17:29 of 3rd period - Logan Stephenson is hit by Stephane Veilleux.
17:33 of 3rd period - Wrist shot by Mikhail Grabovski.
17:33 of 3rd period - Stopped by Alexander Salak without a rebound.
17:34 of 3rd period - Mark Olver wins face-off versus Mikhail Grabovski in Senators zone.
17:41 of 3rd period - Slapshot by Gabriel Bourque.
17:41 of 3rd period - Shot Blocked by Simon Danis-Pepin.
17:43 of 3rd period - Wrist shot by Gabriel Bourque.
17:43 of 3rd period - Shot Blocked by Simon Danis-Pepin.
17:45 of 3rd period - Snap shot by Jeff Petry.
17:45 of 3rd period - Stopped by Josh Harding without a rebound.
17:46 of 3rd period - Mark Olver wins face-off versus Mikhail Grabovski in Inferno zone.
17:55 of 3rd period - Wrist shot by Gabriel Bourque.
17:55 of 3rd period - Stopped by Josh Harding with a rebound.
18:18 of 3rd period - Wrist shot by Vladimir Sobotka.
18:18 of 3rd period - Goal by Vladimir Sobotka - Inferno : 9 - Senators : 2.
18:19 of 3rd period - Mikhail Grabovski wins face-off versus Cody Hodgson in neutral zone.
18:38 of 3rd period - Icing by Mikhail Grabovski.
18:39 of 3rd period - Mark Olver wins face-off versus Stephane Veilleux in Inferno zone.
18:54 of 3rd period - Snap shot by Mark Olver.
18:54 of 3rd period - Stopped by Josh Harding with a rebound.
19:00 of 3rd period - Slapshot by Mikhail Grabovski.
19:00 of 3rd period - Shot Misses the Net.
19:40 of 3rd period - Sami Vatanen is hit by Stanislav Chistov and loses puck.
19:47 of 3rd period - Snap shot by Stanislav Chistov.
19:47 of 3rd period - Goal by Stanislav Chistov - Inferno : 9 - Senators : 3.
19:48 of 3rd period - Mark Olver wins face-off versus Vladimir Sobotka in neutral zone.
19:59 of 3rd period - Slapshot by Logan Stephenson.
19:59 of 3rd period - Stopped by Josh Harding without a rebound.
Goals for this period are 3 for Inferno vs 1 for Senators.
Shots for this period are 5 for Inferno vs 18 for Senators.
Back to the Top